 Dungeon Crawl Stone Soup version 0.23.0 (webtiles) character file.

Game seed: 3168416146148562503

6041 KamiKatze the Cleaver (level 10, 0/65 HPs)
             Began as a Gargoyle Berserker on Feb 9, 2019.
             Was an Elder of Trog.
             Slain by a porcupine (1 damage)
             ... on level 1 of the Lair of Beasts.
             The game lasted 00:29:14 (8852 turns).

KamiKatze the Cleaver (Gargoyle Berserker)          Turns: 8852, Time: 00:29:14

Health: 0/65       AC: 21    Str: 28    XL:     10   Next: 86%
Magic:  19/19      EV: 11    Int:  7    God:    Trog [****..]
Gold:   726        SH:  0    Dex:  9    Spells: 9/9 levels left

rFire    + . .     SeeInvis .   a - +0 war axe
rCold    . . .     Gourm    .   (no shield)
rNeg     + . .     Faith    .   M - +1 chain mail of Patterns {rPois rF+} (curse)
rPois    ∞         Spirit   .   g - +0 helmet
rElec    +         Reflect  .   R - +0 cloak
rCorr    .         Harm     .   (no gloves)
MR       ++...                  (no boots)
Stlth    ..........             (no amulet)
HPRegen  1.20/turn              C - ring of magical power
MPRegen  0.16/turn              G - +3 ring of strength

@: berserk cooldown, starving, regenerating, slowed, very slow
A: negative energy resistance 1, electricity resistance, unbreathing,
petrification resistance, rot immunity, AC +7
a: Berserk, Trog's Hand, Brothers in Arms, Renounce Religion


You were on level 1 of the Lair of Beasts.
You worshipped Trog.
Trog was greatly pleased with you.
You were starving.

You visited 3 branches of the dungeon, and saw 11 of its levels.
You also visited: Sewer and Bailey.

You collected 726 gold pieces.

Inventory:

Hand Weapons
 a - a +0 war axe (weapon)
 d - a +0 battleaxe
 w - a +0 hand axe
 I - a +0 flail of crushing
Missiles
 f - 333 stones (quivered)
 v - 2 tomahawks of dispersal
 E - 17 tomahawks
 N - 7 tomahawks of returning
 O - 4 silver javelins
Armour
 g - a +0 helmet (worn)
 n - a +0 plate armour
 M - the cursed +1 chain mail of Patterns (worn) {rPois rF+}
   (You found it on level 6 of the Dungeon)

   It protects you from fire.
   It protects you from poison.
   It has a curse placed upon it.
 R - a +0 cloak (worn)
Jewellery
 C - a ring of magical power (left hand)
 G - a +3 ring of strength (right hand)
 V - a cursed amulet of the gourmand {unknown}
Wands
 H - a wand of random effects (18)
 L - a wand of iceblast (11)
 Q - a wand of digging (9)
 T - a wand of paralysis (8)
 U - a wand of clouds (6)
Scrolls
 h - 10 scrolls of identify {unknown}
 k - 5 scrolls of fog {unknown}
 m - 3 scrolls of blinking {unknown}
 o - a scroll of random uselessness {unknown}
 p - a scroll of noise {unknown}
 t - 2 scrolls of fear {unknown}
 y - 3 scrolls of teleportation {unknown}
 B - a scroll of enchant weapon {unknown}
 D - 3 scrolls of remove curse {unknown}
 J - 2 scrolls of amnesia {unknown}
 P - a scroll of immolation {unknown}
 S - 2 scrolls of summoning {unknown}
Potions
 b - 5 potions of curing {unknown}
 e - 4 potions of invisibility {unknown}
 i - a potion of mutation {unknown}
 j - a potion of magic {unknown}
 l - a potion of degeneration {unknown}
 q - 7 potions of flight {unknown}
 r - 3 potions of brilliance {unknown}
 s - 3 potions of haste {unknown}
 u - 5 potions of heal wounds {unknown}
 x - 2 potions of lignification {unknown}
 z - a potion of agility {unknown}
 A - a potion of ambrosia {unknown}
 F - a potion of cancellation {unknown}
 K - a potion of might {unknown}
Comestibles
 c - 17 rations


   Skills:
 + Level 8.5 Fighting
 * Level 9.7 Axes
 + Level 8.1 Armour
 + Level 6.2 Dodging
 * Level 0.5 Evocations


You had 9 spell levels left.
You didn't know any spells.
Your spell library was empty.

Dungeon Overview and Level Annotations

Branches:
Dungeon (9/15)             Temple (1/1) D:6            Lair (1/6) D:9
    Orc: D:9-12

Altars:
Ashenzari
Cheibriados
Dithmenos
Elyvilon
Fedhas
Gozag
Hepliaklqana
Kikubaaqudgha
Makhleb
Nemelex Xobeh
Okawaru
Qazlal
Ru
Sif Muna
Trog
Uskayaw
Vehumet
Wu Jian
Xom
Yredelemnul
Zin
The Shining One

Annotations:
D:6 4 runed translucent doors
D:7 2 transporters, Infinimo's ghost, novice MiFi


Innate Abilities, Weirdness & Mutations

You are resistant to torment.
Your stone body is resilient. (AC +7)
You are immune to poison.
You resist negative energy. (rN+)
You are resistant to electric shocks. (rElec)
You can survive without breathing.
You are immune to petrification.
You are immune to rotting.


Message History

The 13-headed hydra bites you.
* * * LOW HITPOINT WARNING * * *
The 13-headed hydra bites you but does no damage. x3
The 13-headed hydra barely misses you.
Okay, then.
The porcupine bites you but does no damage.
The 13-headed hydra bites you but does no damage.
The 13-headed hydra bites you.
* * * LOW HITPOINT WARNING * * *
The 13-headed hydra bites you but does no damage. x5
The 13-headed hydra closely misses you.
The 13-headed hydra bites you but does no damage.
The 13-headed hydra bites you.
* * * LOW HITPOINT WARNING * * *
The 13-headed hydra closely misses you.
The 13-headed hydra completely misses you.
The 13-headed hydra bites you.
* * * LOW HITPOINT WARNING * * *
The porcupine bites you.
You die...

.... .... ..8.
... ###..#
#.#.. #..#.#..#
#@r......
#....D......
#..#........
#...P........
.... .........
......#........
.... ..........
......#.##+...#


You could see a 13-headed hydra and a porcupine.

Vanquished Creatures
  A troll (D:9)
  A hippogriff (D:9)
  A shadow (D:9)
  Eustachio (D:5)
  A wraith (D:9)
  Menkaure (D:4)
  A water moccasin (D:9)
  4 porcupines (D:9)
  3 black bears (D:9)
  3 orc warriors
  2 sky beasts (D:8)
  2 phantoms
  A necrophage (D:7)
  7 ogres
  3 centaurs
  A crocodile (D:9)
  A big kobold (D:8)
  12 bullfrogs
  A gnoll sergeant (D:8)
  3 scorpions
  4 wights (D:7)
  A howler monkey (D:9)
  A vampire bat (D:3)
  2 crimson imps
  A jelly (D:9)
  A centaur zombie (D:6)
  5 hounds
  7 orc priests
  9 orc wizards
  7 worker ants
  2 hound zombies
  7 gnolls
  13 adders
  4 shadow imps
  6 oozes
  An adder zombie (D:8)
  2 adder skeletons (D:2)
  4 worms
  2 dart slugs
  6 leopard geckos
  41 orcs
  6 bat skeletons
  A bat zombie (D:3)
  4 giant cockroaches
  9 goblins
  15 hobgoblins
  18 jackals
  6 kobolds
  4 quokkas
  2 ball pythons
  2 ball python skeletons (D:2)
  12 bats
  4 frilled lizards
  2 jackal skeletons (D:6)
  A leopard gecko skeleton (D:9)
  12 rats
  3 plants (D:9)
277 creatures vanquished.

Vanquished Creatures (others)
  An orc wizard (D:8)
  28 fungi (D:9)
  3 plants (D:9)
32 creatures vanquished.

Grand Total: 309 creatures vanquished

Notes
Turn   | Place    | Note
-------+----------+-------------------------------------------
     0 | D:1      | KamiKatze the Gargoyle Berserker began the quest for the
                  | Orb.
     0 | D:1      | Reached XP level 1. HP: 14/14 MP: 1/1
    86 | D:1      | Reached XP level 2. HP: 14/19 MP: 2/2
   144 | D:1      | Reached skill level 3 in Axes
   174 | D:1      | Reached XP level 3. HP: 19/23 MP: 3/3
   225 | D:1      | Reached ** piety under Trog
   339 | D:1      | Found a snail-covered altar of Cheibriados.
   940 | D:2      | Reached XP level 4. HP: 29/29 MP: 4/4
  1782 | D:3      | Found a faded altar of an unknown god.
  1799 | D:3      | Reached XP level 5. HP: 33/33 MP: 5/5
  1886 | D:3      | Reached *** piety under Trog
  1926 | D:3      | Reached skill level 4 in Axes
  2122 | D:3      | Found a glowing drain.
  2131 | Sewer    | Entered a sewer
  2703 | D:3      | Reached XP level 6. HP: 37/38 MP: 6/6
  2774 | D:3      | Found an ancient bone altar of Kikubaaqudgha.
  2876 | D:3      | Reached **** piety under Trog
  3312 | D:4      | Reached XP level 7. HP: 18/44 MP: 7/7
  3411 | D:4      | You fall through a shaft!
  3411 | D:5      | Entered Level 5 of the Dungeon
  3465 | D:4      | Noticed Menkaure
  3471 | D:4      | Killed Menkaure
  3471 | D:4      | Reached skill level 5 in Axes
  3540 | D:4      | Reached skill level 5 in Fighting
  3984 | D:5      | Reached XP level 8. HP: 36/49 MP: 8/8
  4247 | D:5      | Noticed Eustachio
  4267 | D:5      | Reached skill level 6 in Axes
  4267 | D:5      | Killed Eustachio
  4267 | D:5      | Reached skill level 5 in Armour
  4509 | D:6      | Found a large runed translucent door.
  4509 | D:6      | Found a large runed translucent door.
  4512 | D:6      | Found a large runed translucent door.
  4512 | D:6      | Found a large runed translucent door.
  4974 | D:6      | Reached skill level 7 in Axes
  4993 | D:6      | Reached XP level 9. HP: 51/55 MP: 9/9
  5027 | D:6      | Got a warped chain mail
  5041 | D:6      | Identified the cursed +1 chain mail of Patterns {rPois rF+}
                  | (You found it on level 6 of the Dungeon)
  5089 | D:6      | Found a staircase to the Ecumenical Temple.
  5096 | Temple   | Entered the Ecumenical Temple
  5926 | D:7      | Reached skill level 5 in Dodging
  5927 | D:7      | Reached skill level 8 in Axes
  5946 | D:7      | Found a transporter.
  5957 | D:7      | Noticed Infinimo's ghost (novice MiFi)
  5957 | D:7      | Noticed a hornet
  6011 | D:7      | Found a transporter.
  6231 | D:7      | Received a gift from Trog
  6456 | D:7      | Reached XP level 10. HP: 11/63 MP: 10/10
  7470 | D:8      | Reached skill level 9 in Axes
  7887 | D:9      | Reached ***** piety under Trog
  8057 | D:9      | Found a flagged portal.
  8068 | Bailey   | Entered a bailey
  8229 | D:8      | Found a white marble altar of Elyvilon.
  8435 | D:9      | Found a staircase to the Lair.
  8802 | Lair:1   | Entered Level 1 of the Lair of Beasts
  8802 | Lair:1   | Noticed a six-headed hydra
  8852 | Lair:1   | HP: 1/65 [13-headed hydra (3)]
  8852 | Lair:1   | Slain by a porcupine

Skill      XL: |  1  2  3  4  5  6  7  8  9 10 |
---------------+-------------------------------+-----
Axes           | 3 4 5 7 8 9 |  9.7
Dodging        | 2 3 4 5 6 |  6.2
Armour         | 3 4 5 7 8 |  8.1
Fighting       | 4 5 6 7 8 |  8.5
Evocations     | |  0.5

Action                   |  1- 3 |  4- 6 |  7- 9 | 10-12 || total
-------------------------+-------+-------+-------+-------++-------
Melee: Hand axe          |   125 |    85 |       |       ||   210
       War axe           |       |   163 |   443 |   296 ||   902
Throw: Stone             |       |       |       |     4 ||     4
Invok: Berserk           |       |     2 |     5 |     4 ||    11
       Trog's Hand       |       |       |     8 |     4 ||    12
  Eat: Chunk             |       |    10 |    19 |    11 ||    40
Armor: Scale mail        |    78 |   167 |   143 |       ||   388
       Animal skin       |     1 |       |       |       ||     1
       Chain mail        |       |       |    97 |   245 ||   342
Dodge: Dodged            |    82 |   183 |   268 |   220 ||   753
